APP
DANVILLE BRAVES @ OGDEN RAPTORS
10/08/2047
 
TOP OF THE 1ST
Danville Braves batting - Pitching for San Francisco (APP) Giants : LHP Robert Soto
Pitching: LHP Robert Soto
Batting: RHB Rafael Reyes 0-0: Foul Ball, location: 2F
0-1: Ball
1-1: DOUBLE (Groundball, 5L, EV 101.9 MPH)
Batting: RHB Gebre-Giorgios Wangondu 0-0: Called Strike
0-1: DOUBLE (Flyball, 78D, EV 99.4 MPH)
Rafael Reyes scores
Batting: LHB Tamaichi Sasada 0-0: Called Strike
0-1: Called Strike
0-2: Ball
1-2: Reached on error, E5 (Groundball, 5S, EV 92.5 MPH)
Gebre-Giorgios Wangondu scores
Batting: RHB Tim Molchan 0-0: Ball
1-0: Ball
2-0: Called Strike
2-1: Ball
3-1: Base on Balls
Batting: RHB Dave Pizarro 0-0: DOUBLE (Flyball, 8LXD, EV 106.2 MPH)
Tamaichi Sasada scores
Tim Molchan to third
Batting: RHB Chris Trites 0-0: Called Strike
0-1: Called Strike
0-2: Ball
1-2: Ball
2-2: Strikes out swinging
Batting: RHB Vicente Guillen 0-0: DOUBLE (Line Drive, 78D, EV 98.1 MPH)
Tim Molchan scores
Dave Pizarro scores
Batting: RHB Curtis Montgomery 0-0: Ball
1-0: Ball
2-0: Called Strike
2-1: Foul Ball, location: 2F
2-2: Ball
3-2: SINGLE (Groundball, 6MD, EV 108.1 MPH)
Vicente Guillen to third
Pitching: RHP Wally Dethridge
Batting: RHB Rodolfo Cosme 0-0: Ball
1-0: Foul Ball, location: 2F
1-1: Ball
2-1: Swinging Strike
2-2: Ball
3-2: Strikes out swinging
Batting: RHB Rafael Reyes 0-0: Ball
1-0: Ball
2-0: Ball
3-0: Called Strike
3-1: Base on Balls
Curtis Montgomery to second
Batting: RHB Gebre-Giorgios Wangondu 0-0: SINGLE (Groundball, 56S, EV 66.9 MPH) (infield hit)
Vicente Guillen scores
Curtis Montgomery to third
Rafael Reyes to second
Batting: LHB Tamaichi Sasada 0-0: Ball
1-0: Called Strike
1-1: Ball
2-1: SINGLE (Line Drive, 9S, EV 108.8 MPH)
Curtis Montgomery scores
Rafael Reyes to third
Gebre-Giorgios Wangondu to second
Runner from 3rd tries for Home, SAFE, throw by RF to home
Batting: RHB Tim Molchan 0-0: Ball
1-0: Foul Ball, location: 2F
1-1: Swinging Strike
1-2: Foul Ball, location: 2F
1-2: Strikes out looking
Top of the 1st over - 8 runs, 7 hits, 1 error, 2 left on base; Danville 8 - San Francisco (APP) 0
BOTTOM OF THE 1ST
San Francisco (APP) Giants batting - Pitching for Danville Braves : RHP Iestyn Nicholls
Pitching: RHP Iestyn Nicholls
Batting: SHB David Barona 0-0: Called Strike
0-1: Called Strike
0-2: Foul Ball, location: 2F
0-2: Ball
1-2: Strikes out looking
Batting: RHB Devin Lowery 0-0: Ball
1-0: Swinging Strike
1-1: Ball
2-1: Foul Ball, location: 2F
2-2: Foul Ball, location: 2F
2-2: Ball
3-2: Foul Ball, location: 2F
3-2: Strikes out swinging
Batting: RHB Edwin Verdugo 0-0: Called Strike
0-1: Foul Ball, location: 2F
0-2: Foul Ball, location: 2F
0-2: Foul Ball, location: 2F
0-2: Ball
1-2: Ball
2-2: Foul Ball, location: 2F
2-2: Fly out, F8 (Flyball, 89M, EV 95.6 MPH)
Bottom of the 1st over - 0 runs, 0 hits, 0 errors, 0 left on base; Danville 8 - San Francisco (APP) 0
TOP OF THE 2ND
Danville Braves batting - Pitching for San Francisco (APP) Giants : RHP Wally Dethridge
Batting: RHB Dave Pizarro 0-0: Ball
1-0: Ball
2-0: Called Strike
2-1: Ground out 5-3 (Groundball, 56S, EV 86.9 MPH)
Batting: RHB Chris Trites 0-0: Called Strike
0-1: Called Strike
0-2: Ground out 6-3 (Groundball, 6, EV 78.1 MPH)
Batting: RHB Vicente Guillen 0-0: Swinging Strike
0-1: Foul Ball, location: 2F
0-2: Ball
1-2: Foul Ball, location: 2F
1-2: Foul Ball, location: 2F
1-2: Ball
2-2: Foul Ball, location: 2F
2-2: Ball
3-2: Base on Balls
Batting: RHB Curtis Montgomery 0-0: Ball
1-0: Foul Ball, location: 2F
1-1: Ball
2-1: Ground out U3 (Groundball, 3L, EV 94.4 MPH)
Top of the 2nd over - 0 runs, 0 hits, 0 errors, 1 left on base; Danville 8 - San Francisco (APP) 0
BOTTOM OF THE 2ND
San Francisco (APP) Giants batting - Pitching for Danville Braves : RHP Iestyn Nicholls
Batting: RHB Troy Trice 0-0: Ball
1-0: Ground out 5-3 (Groundball, 56S, EV 80.0 MPH)
Batting: RHB Brian Rogers 0-0: SINGLE (Line Drive, 7LS, EV 105.0 MPH)
Batting: LHB Mason Duffy 0-0: TRIPLE (Line Drive, 78XD, EV 111.9 MPH)
Brian Rogers scores
Batting: RHB Josh Truell 0-0: Ball
Wild Pitch!
Mason Duffy scores
1-0: Ball
2-0: Called Strike
2-1: Foul Ball, location: 2F
2-2: Strikes out looking
Batting: RHB Bob Schweiger 0-0: Called Strike
0-1: Called Strike
0-2: Ball
1-2: Strikes out swinging
Bottom of the 2nd over - 2 runs, 2 hits, 0 errors, 0 left on base; Danville 8 - San Francisco (APP) 2
TOP OF THE 3RD
Danville Braves batting - Pitching for San Francisco (APP) Giants : RHP Wally Dethridge
Batting: RHB Rodolfo Cosme 0-0: Ball
1-0: Called Strike
1-1: DOUBLE (Line Drive, 89D, EV 106.9 MPH)
Batting: RHB Rafael Reyes 0-0: Ball
1-0: Ground out 1-3 (Groundball, 13, EV 66.9 MPH)
Rodolfo Cosme to third
Batting: RHB Gebre-Giorgios Wangondu 0-0: Ball
1-0: Ball
2-0: Called Strike
2-1: Ground out 4-3 (Groundball, 4, EV 79.4 MPH)
Rodolfo Cosme scores
Batting: LHB Tamaichi Sasada 0-0: Called Strike
0-1: Foul Ball, location: 2F
0-2: Ball
1-2: Ground out 4-3 (Groundball, 4, EV 75.6 MPH)
Top of the 3rd over - 1 run, 1 hit, 0 errors, 0 left on base; Danville 9 - San Francisco (APP) 2
BOTTOM OF THE 3RD
San Francisco (APP) Giants batting - Pitching for Danville Braves : RHP Iestyn Nicholls
Batting: RHB Harry Dickson 0-0: Ground out 1-3 (Groundball, 15S, EV 69.4 MPH)
Batting: SHB David Barona 0-0: Called Strike
0-1: Foul Ball, location: 2F
0-2: Foul Ball, location: 2F
0-2: Ball
1-2: Foul Ball, location: 2F
1-2: Strikes out looking
Batting: RHB Devin Lowery 0-0: Called Strike
0-1: Swinging Strike
0-2: Strikes out swinging, 2-3 out at first.
Bottom of the 3rd over - 0 runs, 0 hits, 0 errors, 0 left on base; Danville 9 - San Francisco (APP) 2
TOP OF THE 4TH
Danville Braves batting - Pitching for San Francisco (APP) Giants : RHP Wally Dethridge
Batting: RHB Tim Molchan 0-0: Foul Ball, location: 2F
0-1: Ball
1-1: Ball
2-1: Called Strike
2-2: Foul Ball, location: 2F
2-2: Ball
3-2: DOUBLE (Line Drive, 5D, EV 103.8 MPH)
Pitching: LHP Christian Rogers
Batting: RHB Dave Pizarro 0-0: Ball
1-0: SINGLE (Groundball, 5S, EV 62.5 MPH) (infield hit)
Tim Molchan to third
Batting: RHB Chris Trites 0-0: Foul Ball, location: 2F
0-1: Fielders Choice at 2nd, 4-6 (Groundball, 13, EV 83.1 MPH)
Tim Molchan scores
Batting: RHB Vicente Guillen 0-0: Ball
Wild Pitch!
Chris Trites to second
1-0: Ball
2-0: Ball
3-0: Called Strike
3-1: Base on Balls
Batting: RHB Curtis Montgomery 0-0: Called Strike
0-1: Swinging Strike
0-2: Strikes out looking
Batting: RHB Rodolfo Cosme 0-0: Ball
1-0: Ball
2-0: DOUBLE (Flyball, 78XD, EV 112.5 MPH)
Chris Trites scores
Vicente Guillen to third
Runner from 3rd tries for Home, SAFE, no throw by CF
Batting: RHB Rafael Reyes 0-0: Called Strike
0-1: Called Strike
0-2: Ball
1-2: Ground out 4-3 (Groundball, 4, EV 103.1 MPH)
Top of the 4th over - 3 runs, 3 hits, 0 errors, 1 left on base; Danville 12 - San Francisco (APP) 2
BOTTOM OF THE 4TH
San Francisco (APP) Giants batting - Pitching for Danville Braves : RHP Iestyn Nicholls
Batting: RHB Edwin Verdugo 0-0: Called Strike
0-1: Called Strike
0-2: Foul Ball, location: 2F
0-2: Foul Ball, location: 2F
0-2: Ball
1-2: Ball
2-2: Ball
3-2: Foul Ball, location: 2F
3-2: Foul Ball, location: 2F
3-2: Base on Balls
Batting: RHB Troy Trice 0-0: Ball
1-0: Called Strike
1-1: Ball
2-1: 2-RUN HOME RUN (Flyball, 8LXD, EV 116.2 MPH), Distance : 468 ft
Batting: RHB Brian Rogers 0-0: Called Strike
0-1: Ball
1-1: Called Strike
1-2: Strikes out swinging
Batting: LHB Mason Duffy 0-0: Called Strike
0-1: Foul Ball, location: 2F
0-2: Strikes out looking
Batting: RHB Josh Truell 0-0: Ball
1-0: Ball
2-0: Ball
3-0: Called Strike
3-1: Foul Ball, location: 2F
3-2: SINGLE (Groundball, 56D, EV 97.5 MPH)
Batting: RHB Bob Schweiger 0-0: Called Strike
Josh Truell steals 2nd, throwing error, E2
Josh Truell to third
0-1: Foul Ball, location: 2F
0-2: Ball
1-2: Foul Ball, location: 2F
1-2: DOUBLE (Flyball, 9LD, EV 100.0 MPH)
Josh Truell scores
Batting: RHB Harry Dickson 0-0: Ground out 4-3 (Groundball, 4, EV 103.1 MPH)
Bottom of the 4th over - 3 runs, 3 hits, 1 error, 1 left on base; Danville 12 - San Francisco (APP) 5
TOP OF THE 5TH
Danville Braves batting - Pitching for San Francisco (APP) Giants : LHP Christian Rogers
Batting: RHB Gebre-Giorgios Wangondu 0-0: Ball
1-0: Called Strike
1-1: Ball
2-1: Ball
3-1: Swinging Strike
3-2: Base on Balls
Batting: LHB Tamaichi Sasada 0-0: 2-RUN HOME RUN (Flyball, 9D, EV 98.8 MPH), Distance : 379 ft
Batting: RHB Tim Molchan 0-0: Called Strike
0-1: SOLO HOME RUN (Flyball, 7D, EV 98.1 MPH), Distance : 377 ft
Pitching: RHP Sam Drews
Batting: RHB Dave Pizarro 0-0: Called Strike
0-1: Ball
1-1: Ball
2-1: Ball
3-1: Fly out, F9 (Flyball, 89M, EV 86.9 MPH)
Batting: RHB Chris Trites 0-0: Called Strike
0-1: Called Strike
0-2: Ball
1-2: Strikes out swinging
Batting: RHB Vicente Guillen 0-0: Ball
1-0: Ground out 5-3 (Groundball, 56, EV 85.6 MPH)
Top of the 5th over - 3 runs, 2 hits, 0 errors, 0 left on base; Danville 15 - San Francisco (APP) 5
BOTTOM OF THE 5TH
San Francisco (APP) Giants batting - Pitching for Danville Braves : RHP Iestyn Nicholls
Batting: SHB David Barona 0-0: Called Strike
0-1: Ball
1-1: Called Strike
1-2: Foul Ball, location: 2F
1-2: Foul Ball, location: 2F
1-2: Ball
2-2: SINGLE (Groundball, 56S, EV 73.8 MPH) (infield hit)
Batting: RHB Devin Lowery 0-0: Ball
1-0: Fielders Choice at 2nd, 5-4 (Groundball, 56, EV 79.4 MPH)
Batting: RHB Edwin Verdugo 0-0: Ball
1-0: Fly out, F2 (Popup, 2LF, EV 91.2 MPH)
Batting: RHB Troy Trice 0-0: Called Strike
0-1: Ball
1-1: Ball
2-1: Called Strike
2-2: Ball
3-2: Foul Ball, location: 2F
3-2: Strikes out swinging
Bottom of the 5th over - 0 runs, 1 hit, 0 errors, 1 left on base; Danville 15 - San Francisco (APP) 5
TOP OF THE 6TH
Danville Braves batting - Pitching for San Francisco (APP) Giants : RHP Sam Drews
Batting: RHB Curtis Montgomery 0-0: Ball
1-0: Ground out 5-3 (Groundball, 5S, EV 70.0 MPH)
Batting: RHB Rodolfo Cosme 0-0: Called Strike
0-1: Foul Ball, location: 2F
0-2: Ball
1-2: Foul Ball, location: 2F
1-2: Ball
2-2: Strikes out swinging
Batting: RHB Rafael Reyes 0-0: Ball
1-0: SINGLE (Line Drive, 8LS, EV 105.0 MPH)
Batting: RHB Gebre-Giorgios Wangondu 0-0: Called Strike
Pickoff Throw by Catcher to First - Out!
Top of the 6th over - 0 runs, 1 hit, 0 errors, 0 left on base; Danville 15 - San Francisco (APP) 5
BOTTOM OF THE 6TH
San Francisco (APP) Giants batting - Pitching for Danville Braves : RHP Iestyn Nicholls
Pitching: LHP Darius Brown
Batting: RHB Brian Rogers 0-0: Ball
1-0: Ball
2-0: Ball
3-0: Called Strike
3-1: Base on Balls
Batting: LHB Mason Duffy 0-0: Swinging Strike
0-1: Foul Ball, location: 2F
0-2: Fielders Choice at 2nd, U6 (Groundball, 4M, EV 79.4 MPH)
Batting: RHB Josh Truell 0-0: Fielders Choice at 2nd, 5-4 (Groundball, 56S, EV 93.1 MPH)
Batting: RHB Bob Schweiger 0-0: Ball
1-0: Ball
2-0: Foul Ball, location: 2F
2-1: Fielders Choice at 2nd, 6-4 (Groundball, 6, EV 101.2 MPH)
Bottom of the 6th over - 0 runs, 0 hits, 0 errors, 1 left on base; Danville 15 - San Francisco (APP) 5
TOP OF THE 7TH
Danville Braves batting - Pitching for San Francisco (APP) Giants : RHP Sam Drews
Batting: RHB Gebre-Giorgios Wangondu 0-0: Foul Ball, location: 2F
0-1: Ball
1-1: Called Strike
1-2: Ground out 4-3 (Groundball, 4, EV 89.4 MPH)
Batting: LHB Tamaichi Sasada 0-0: Called Strike
0-1: Ball
1-1: Called Strike
1-2: Foul Ball, location: 2F
1-2: Ball
2-2: Ball
3-2: Strikes out swinging
Batting: RHB Tim Molchan 0-0: Foul Ball, location: 2F
0-1: Ball
1-1: DOUBLE (Flyball, 8RXD, EV 98.8 MPH)
Batting: RHB Dave Pizarro 0-0: Ground out 5-3 (Groundball, 5, EV 85.0 MPH)
Top of the 7th over - 0 runs, 1 hit, 0 errors, 1 left on base; Danville 15 - San Francisco (APP) 5
BOTTOM OF THE 7TH
San Francisco (APP) Giants batting - Pitching for Danville Braves : LHP Darius Brown
Batting: RHB Harry Dickson 0-0: DOUBLE (Groundball, 5L, EV 100.6 MPH)
Batting: SHB David Barona 0-0: SINGLE (Groundball, 5S, EV 66.2 MPH) (infield hit)
Harry Dickson to third
Batting: RHB Devin Lowery 0-0: Grounds into double play, 6-4-3 (Groundball, 6, EV 79.4 MPH)
Harry Dickson scores
Batting: RHB Edwin Verdugo 0-0: Foul Ball, location: 2F
0-1: Ball
1-1: DOUBLE (Line Drive, 89D, EV 100.0 MPH)
Batting: RHB Troy Trice 0-0: Ball
1-0: Ball
2-0: Ball
3-0: Ground out 6-3 (Groundball, 6, EV 94.4 MPH)
Bottom of the 7th over - 1 run, 3 hits, 0 errors, 1 left on base; Danville 15 - San Francisco (APP) 6
TOP OF THE 8TH
Danville Braves batting - Pitching for San Francisco (APP) Giants : RHP Sam Drews
Pitching: RHP Danny MacKinnon
Batting: RHB Chris Trites 0-0: Called Strike
0-1: Ball
1-1: Ground out 1-3 (Groundball, 13, EV 69.4 MPH)
Batting: RHB Vicente Guillen 0-0: Ball
1-0: Ball
2-0: Ball
3-0: Called Strike
3-1: Called Strike
3-2: Foul Ball, location: 2F
3-2: Foul Ball, location: 2F
3-2: Base on Balls
Batting: RHB Curtis Montgomery 0-0: Called Strike
0-1: Ball
1-1: Called Strike
1-2: Strikes out swinging
Batting: RHB Rodolfo Cosme 0-0: Ball
1-0: Called Strike
1-1: Called Strike
1-2: Strikes out looking
Top of the 8th over - 0 runs, 0 hits, 0 errors, 1 left on base; Danville 15 - San Francisco (APP) 6
BOTTOM OF THE 8TH
San Francisco (APP) Giants batting - Pitching for Danville Braves : LHP Darius Brown
Batting: RHB Brian Rogers 0-0: Called Strike
0-1: Foul Ball, location: 2F
0-2: Ground out 6-3 (Groundball, 6, EV 99.4 MPH)
Batting: LHB Mason Duffy 0-0: Ball
1-0: Ball
2-0: Ball
3-0: Called Strike
3-1: Fly out, F7 (Flyball, 78D, EV 84.4 MPH)
Batting: RHB Josh Truell 0-0: Ground out U3 (Groundball, 3S, EV 65.0 MPH)
Bottom of the 8th over - 0 runs, 0 hits, 0 errors, 0 left on base; Danville 15 - San Francisco (APP) 6
TOP OF THE 9TH
Danville Braves batting - Pitching for San Francisco (APP) Giants : RHP Danny MacKinnon
Batting: RHB Rafael Reyes 0-0: Ball
1-0: Swinging Strike
1-1: Ball
2-1: Ball
3-1: Base on Balls
Batting: RHB Gebre-Giorgios Wangondu 0-0: Swinging Strike
0-1: Ball
1-1: Swinging Strike
1-2: Strikes out swinging
Batting: LHB Tamaichi Sasada 0-0: Ball
1-0: Foul Ball, location: 2F
1-1: Swinging Strike
1-2: Ball
2-2: Foul Ball, location: 2F
2-2: DOUBLE (Line Drive, 78D, EV 101.9 MPH)
Rafael Reyes to third
Batting: RHB Tim Molchan 0-0: Called Strike
0-1: Ball
1-1: Ball
2-1: DOUBLE (Groundball, 5L, EV 101.9 MPH)
Rafael Reyes scores
Tamaichi Sasada scores
Batting: RHB Dave Pizarro 0-0: Ball
1-0: Foul Ball, location: 2F
1-1: Ball
2-1: Called Strike
2-2: Ball
3-2: Strikes out looking
Pitching: RHP Billy Pranger
Batting: RHB Chris Trites 0-0: Swinging Strike
0-1: Ball
1-1: Ball
Wild Pitch!
Tim Molchan to third
2-1: Ball
3-1: Base on Balls
Batting: RHB Vicente Guillen 0-0: Ball
1-0: SINGLE (Groundball, P, EV 86.2 MPH) (infield hit)
Tim Molchan scores
Chris Trites to second
Batting: RHB Curtis Montgomery 0-0: Foul Ball, location: 2F
0-1: Foul Ball, location: 2F
0-2: SINGLE (Groundball, 56S, EV 67.5 MPH) (infield hit)
Chris Trites to third
Vicente Guillen to second
Pinch Hitting: RHB Richard Saquic 0-0: Foul Ball, location: 2F
0-1: Ground out 4-3 (Groundball, 4, EV 105.0 MPH)
Top of the 9th over - 3 runs, 4 hits, 0 errors, 3 left on base; Danville 18 - San Francisco (APP) 6
BOTTOM OF THE 9TH
San Francisco (APP) Giants batting - Pitching for Danville Braves : LHP Darius Brown
Now at 3B: Chris Trites
Now in RF: Tony Cabrera
Batting: RHB Bob Schweiger 0-0: Ball
1-0: DOUBLE (Line Drive, 7LS, EV 106.2 MPH)
Pitching: RHP Carlos Dominguez
Pinch Hitting: LHB Takaaki Nishimoto 0-0: Ball
1-0: Swinging Strike
1-1: Foul Ball, location: 2F
1-2: Strikes out swinging
Batting: SHB David Barona 0-0: Foul Ball, location: 2F
0-1: Called Strike
0-2: Strikes out swinging
Batting: RHB Devin Lowery 0-0: Ball
1-0: Ball
2-0: Called Strike
2-1: Reached on error, E5 (Groundball, 56S, EV 64.4 MPH)
Bob Schweiger to third
Batting: RHB Edwin Verdugo 0-0: Foul Ball, location: 2F
0-1: Foul Ball, location: 2F
0-2: Ball
1-2: Foul Ball, location: 2F
1-2: Ball
2-2: Ball
3-2: Strikes out swinging
Bottom of the 9th over - 0 runs, 1 hit, 1 error, 2 left on base; Danville 18 - San Francisco (APP) 6
Thursday, December 15th , 2022 - OOTP Baseball 23.9 Build 102